 Dungeon Crawl Stone Soup version 0.13.1-23-gc5ac171 (webtiles) character file.

6910 Czerbonog the Spear-Bearer (level 10, -2/82 (83) HPs)
             Began as a Naga Berserker on Jan 7, 2014.
             Was a High Priest of Trog.
             Slain by a giant slug (6 damage)
             ... on Level 2 of the Lair of Beasts on Jan 8, 2014.
             The game lasted 00:40:18 (10358 turns).

Czerbonog the Spear-Bearer (Naga Berserker)        Turns: 10358, Time: 00:40:18

HP  -2/82 (83)   AC 15     Str 29      XL: 10   Next: 98%
MP   9/9         EV  9     Int  8      God: Trog [*****.]
Gold 485         SH  0     Dex  8      Spells:  0 memorised,  9 levels left

Res.Fire  : . . .   See Invis. : +   g - +0,+1 glaive
Res.Cold  : + . .   Warding    : .   k - +0 orc leather armour {rC+}
Life Prot.: . . .   Conserve   : .   (no shield)
Res.Poison: +       Res.Corr.  : .   (no helmet)
Res.Elec. : +       Clarity    : .   B - +1 elf cloak
Sust.Abil.: . .     Spirit.Shd : .   (no gloves)
Res.Mut.  : .       Stasis     : .   (no barding)
Res.Rott. : .       Flight     : .   (no amulet)
Saprovore : . . .                    H - +4 ring of strength
                                     o - +3 ring of protection

@: exhausted, mighty, slowed, very slow, somewhat resistant to hostile
enchantments, unstealthy
A: breathe poison, see invisible, breathe poison, deformed body, -10% hp, poison
resistance, electricity resistance, slowness 2, AC +7, Str -2, Dex -3
a: Breathe Poison Gas, Burn Spellbooks, Berserk, Trog's Hand, Brothers in Arms,
Renounce Religion


You were on level 2 of the Lair of Beasts.
You worshipped Trog.
Trog was extremely pleased with you.
You were not hungry.

You visited 2 branches of the dungeon, and saw 11 of its levels.

You collected 465 gold pieces.

Inventory:

Hand weapons
 a - a +0,+0 spear {=f}
 g - a +0,+1 glaive (weapon)
Armour
 b - a +0 animal skin
 k - a +0 orcish leather armour of cold resistance (worn)
 B - a +1 elven cloak (worn)
Magical devices
 p - a wand of frost (11)
 q - a wand of digging (17)
 s - a wand of cold (6)
 y - a wand of slowing (19)
 D - a wand of disintegration (8)
 G - a wand of enslavement (16) {unknown}
 I - a wand of lightning (5)
Comestibles
 r - a bread ration
 z - a sausage
Scrolls
 c - 3 scrolls of remove curse
 d - 7 scrolls of identify
 h - a scroll of curse jewellery
 i - 2 scrolls of enchant armour {unknown}
 l - 5 scrolls of teleportation
 u - 2 scrolls of amnesia
 v - 2 scrolls of enchant weapon II
 C - a scroll of fear
 F - a scroll of magic mapping
Jewellery
 n - a +4 ring of intelligence
 o - a +3 ring of protection (left hand)
 H - a +4 ring of strength (right hand)
Potions
 e - 10 potions of curing
 f - a potion of heal wounds
 j - a potion of might
 m - a potion of berserk rage
 w - a potion of speed
Miscellaneous
 t - a disc of storms
 x - a fan of gales
 E - a phial of floods


   Skills:
 + Level 8.6 Fighting
 * Level 11.3 Polearms
 + Level 7.6 Armour
 - Level 1.5 Dodging


You had 9 spell levels left.
You didn't know any spells.

Dungeon Overview and Level Annotations

Branches:
Dungeon (9/27)             Temple (0/1) D:5             Orc (0/4) D:8
   Lair (2/8) D:8

Altars:
Ashenzari
Elyvilon
Kikubaaqudgha
Makhleb
Nemelex Xobeh

Shops:
D:7 ?

Annotations:
D:9 Grum


Innate Abilities, Weirdness & Mutations

You cannot wear boots.
Your serpentine skin is tough (AC +3).
You have supernaturally acute eyesight.
Armour fits poorly on your strangely shaped body.
Your system is resistant to poisons.
You cover ground very slowly.
You are partially covered in rough black scales (AC +4, Dex -1).
You can exhale a cloud of poison.
You are clumsy. (Dex -2)
You are frail (-10% HP).
You are resistant to electric shocks.
You are weak. (Str -2)


Message History

* * * LOW HITPOINT WARNING * * *
The yak gores you but does no damage.
Drink which item? (? for menu, Esc to quit)
You feel much better. The yak gores you!
* * * LOW HITPOINT WARNING * * *
The giant slug bites you!
* * * LOW HITPOINT WARNING * * *
You hit the yak.
The yak is severely wounded.
The yak gores you but does no damage. The yak closely misses you.
The giant slug completely misses you.
You slash the yak!
You kill the yak!
Trog accepts your kill. The giant slug bites you!
* * * LOW HITPOINT WARNING * * *
Drink which item? (? for menu, Esc to quit)
You feel very mighty all of a sudden. The giant slug bites you.
You die...

..#/ ..## .....
... ...... ...
....f..#..
$........####.#
...........§§..
..........§§..#
.....P..j%#
......f..%@##
.....f....P#
.....#....##
P.........##
##........#
#..#..#.##
##.<.#.###
#....#..#
##.....##


You could see a giant slug.

Vanquished Creatures
  A hydra (Lair:1)
  Pikel (D:6)
  Grinder (D:3)
  Prince Ribbit (D:5)
  6 yaks (Lair:2)
  A wolf (D:8)
  A manticore (D:8)
  A hippogriff (Lair:1)
  A hungry ghost (D:7)
  Edmund (D:5)
  A necrophage (D:7)
  2 sky beasts (D:8)
  A slave (D:6)
  3 phantoms (D:8)
  2 orc warriors
  2 centaurs (D:4)
  An ogre (D:8)
  2 crocodiles (Lair:1)
  Duvessa (D:6)
  2 giant frogs
  2 water moccasins
  An agate snail (Lair:1)
  A wyvern skeleton (D:7)
  A troll zombie (D:8)
  A yak skeleton (D:8)
  2 jellyfish (D:8)
  4 fire bats (D:8)
  3 goliath beetles
  Dowan (D:6)
  2 crimson imps
  3 wights (D:8)
  2 big fish (D:8)
  A centaur zombie (D:6)
  A scorpion (D:6)
  Crazy Yiuf (D:5)
  7 iguanas
  An orc priest (D:8)
  2 hounds
  5 worker ants
  Ijyb (D:6)
  6 ogre zombies (D:8)
  A hound skeleton (D:7)
  A worker ant zombie (D:7)
  10 green rats (Lair:1)
  4 gnolls (D:6)
  11 adders
  A giant mite (D:2)
  2 worms
  A giant eyeball (D:4)
  9 giant geckos
  18 orcs
  2 ball pythons
  8 goblins
  10 hobgoblins
  14 jackals
  2 oozes
  4 quokkas
  9 bats
  4 giant cockroaches
  5 giant newts
  A goblin zombie (D:8)
  2 hobgoblin skeletons
  3 hobgoblin zombies (D:8)
  12 kobolds
  4 orc skeletons (D:8)
  15 orc zombies (D:8)
  A quokka skeleton (D:4)
  14 rats
248 creatures vanquished.

Vanquished Creatures (others)
  2 fire vortices (D:8)
  A slave (D:6)
  An orc wizard (D:6)
  2 orcs (D:6)
  A giant spore (D:7)
7 creatures vanquished.

Grand Total: 255 creatures vanquished

Notes
Turn   | Place    | Note
--------------------------------------------------------------
     0 | D:1      | Czerbonog, the Naga Berserker, began the quest for the Orb.
     0 | D:1      | Reached XP level 1. HP: 21/21 MP: 0/0
   486 | D:1      | Reached XP level 2. HP: 28/28 MP: 1/1
  1329 | D:2      | Reached XP level 3. HP: 36/36 MP: 2/2
  1570 | D:2      | Acquired Trog's second power
  1844 | D:3      | Noticed Grinder
  1855 | D:3      | Killed Grinder
  1855 | D:3      | Reached skill level 4 in Fighting
  1855 | D:3      | Reached XP level 4. HP: 28/44 MP: 3/3
  1855 | D:3      | Reached XP level 5. HP: 31/50 MP: 4/4
  1855 | D:3      | Reached XP level 6. HP: 35/58 MP: 5/5
  2060 | D:3      | Reached skill level 5 in Polearms
  3453 | D:4      | Paralysed by a giant eyeball for 3 turns
  3480 | D:4      | Reached XP level 7. HP: 19/64 MP: 6/6
  4613 | D:4      | Reached skill level 6 in Polearms
  4829 | D:5      | Entered Level 5 of the Dungeon
  5019 | D:5      | Found an ancient bone altar of Kikubaaqudgha.
  5130 | D:5      | Found a white marble altar of Elyvilon.
  5160 | D:5      | Found a staircase to the Ecumenical Temple.
  5165 | D:5      | Noticed Edmund
  5174 | D:5      | Killed Edmund
  5295 | D:5      | Reached XP level 8. HP: 59/73 MP: 7/7
  5477 | D:5      | Noticed Crazy Yiuf
  5480 | D:5      | Killed Crazy Yiuf
  5480 | D:5      | Reached skill level 5 in Fighting
  5540 | D:5      | Noticed Prince Ribbit
  5552 | D:5      | Killed Prince Ribbit
  5552 | D:5      | Reached skill level 5 in Armour
  6020 | D:5      | Gained mutation: You are frail (-10% HP). [potion of mutation]
  6020 | D:5      | Gained mutation: You are clumsy. (Dex -2) [potion of mutation]
  6020 | D:5      | Gained mutation: You can exhale a cloud of poison. [potion of mutation]
  6021 | D:5      | Gained mutation: You are partially covered in rough black scales (AC +4, Dex -1). [potion of mutation]
  6021 | D:5      | Gained mutation: You are weak. (Str -2) [potion of mutation]
  6095 | D:5      | Gained mutation: You are resistant to electric shocks. [potion of beneficial mutation]
  6187 | D:6      | Reached skill level 7 in Polearms
  6198 | D:6      | Noticed Ijyb
  6201 | D:6      | Killed Ijyb
  6336 | D:6      | Noticed Pikel
  6348 | D:6      | Killed Pikel
  6348 | D:6      | Reached skill level 8 in Polearms
  6348 | D:6      | Reached XP level 9. HP: 72/72 MP: 8/8
  6874 | D:6      | Noticed Duvessa
  6874 | D:6      | Noticed Dowan
  6884 | D:6      | Killed Duvessa
  6887 | D:6      | Killed Dowan
  6892 | D:6      | Acquired Trog's third power
  7208 | D:7      | Found Iduilump's Magic Scroll Emporium.
  7228 | D:7      | Found a burning altar of Makhleb.
  7379 | D:7      | Found a shattered altar of Ashenzari.
  7492 | D:7      | Reached skill level 9 in Polearms
  7810 | D:8      | Found a sparkling altar of Nemelex Xobeh.
  7889 | D:8      | Noticed a flaming corpse
  8368 | D:8      | Found a staircase to the Lair.
  8441 | D:8      | Reached XP level 10. HP: 81/81 MP: 9/9
  8452 | D:8      | Found a staircase to the Orcish Mines.
  9018 | D:8      | Reached skill level 10 in Polearms
  9059 | D:8      | Noticed a burning bush
  9059 | D:8      | Noticed a burning bush
  9074 | D:9      | Noticed Grum
  9298 | Lair:1   | Entered Level 1 of the Lair of Beasts
  9500 | Lair:1   | Noticed a four-headed hydra
  9516 | Lair:1   | Killed a four-headed hydra
 10332 | Lair:2   | Reached skill level 11 in Polearms
 10357 | Lair:2   | HP: 4/82 [giant slug (10)]
 10358 | Lair:2   | Slain by a giant slug

Action                   |  1- 3 |  4- 6 |  7- 9 | 10-12 || total
-------------------------+-------+-------+-------+-------++-------
Melee: Spear             |   101 |       |       |    15 ||   116
       Glaive            |    26 |   101 |   365 |   275 ||   767
Invok: Berserk           |     3 |     1 |     7 |     3 ||    14
       Burn Spellbooks   |       |     1 |       |       ||     1
       Trog's Hand       |       |       |       |     3 ||     3
 Abil: Spit Poison       |     4 |       |     3 |       ||     7
       Breathe Poison Ga |       |       |     7 |     2 ||     9
Evoke: Wand              |       |       |     4 |     7 ||    11
  Use: Scroll            |     1 |     1 |    16 |     1 ||    19
       Potion            |       |       |    13 |     4 ||    17
 Stab: Sleeping          |       |     3 |     3 |       ||     6
